 Dungeon Crawl Stone Soup version 0.29-a0-613-gf2c431b9b9 (webtiles) character file.

Game seed: 6612679240682406751

2 lunkers the Grave Robber (level 1, -1/13 HPs)
             Began as a Demonspawn Necromancer on June 16, 2022.
             Slain by an endoplasm (3 damage)
             ... on level 1 of the Dungeon.
             The game lasted 00:00:12 (57 turns).

lunkers the Grave Robber (Demonspawn Necromancer)     Turns: 57, Time: 00:00:12

Health: -1/13      AC:  2    Str:  8    XL:     1   Next: 33%
Magic:  0/3        EV: 12    Int: 16    God:
Gold:   0          SH:  0    Dex: 13    Spells: 3/4 levels left

rFire   . . .      SeeInvis .   (no weapon)
rCold   . . .      Faith    .   (no shield)
rNeg    . . .      Spirit   .   a - +0 robe
rPois   .          Reflect  .   (no helmet)
rElec   .          Harm     .   (no cloak)
rCorr   .          Rampage  .   (no gloves)
Will    .....                   (no boots)
Stlth   ++........              (no amulet)
HPRegen 0.04/turn               (no ring)
MPRegen 0.08/turn               (no ring)

@: no status effects
A: no striking features
a: no special abilities


You were on level 1 of the Dungeon.
You visited 1 branch of the dungeon, and saw 1 of its levels.

Inventory:

Armour
 a - a +0 robe (worn)
Potions
 b - a potion of magic


   Skills:
 - Level 1.7 Dodging
 - Level 1.7 Stealth
 + Level 2.0 Spellcasting
 * Level 4.5 Necromancy


You had 3 spell levels left.
You knew the following spells:

 Your Spells              Type           Power      Damage    Failure   Level
a - Necrotize             Necr           64%        1d7       3%          1

Your spell library contained the following spells:

 Spells                   Type           Power      Damage    Failure   Level
 Vampiric Draining        Necr           16%        2d7       10%         3
 Animate Dead             Necr           16%        N/A       32%         4
 Agony                    Necr           16%        N/A       65%         5


Dungeon Overview and Level Annotations

Branches:
Dungeon (1/15)

Altars:


Message History

The hobgoblin barely resists.
The endoplasm quivers.
There are monsters nearby!
Casting: Necrotize (safe; 3% risk of failure)
Confirm with . or Enter, or press ? or * to list all spells.
The hobgoblin writhes in agony!
You kill the hobgoblin!
The dead are walking!
Lua error: ...ter/crawl-git-f2c431b9b9/data/dat/clua/automagic.lua:206: Cannot currently process new keys (there is pending input)
There are monsters nearby!
Casting: Necrotize (safe; 3% risk of failure)
Confirm with . or Enter, or press ? or * to list all spells.
The goblin writhes in agony.
You kill the goblin!
The dead are walking!
An endoplasm is nearby!
You don't have enough magic to cast Necrotize!
You don't have enough magic to cast Necrotize!
You hit the endoplasm.
The endoplasm is lightly wounded.
The endoplasm completely misses you.
You hit the endoplasm but do no damage. The endoplasm freezes you.
You are frozen.
You hit the endoplasm but do no damage. The endoplasm hits you.
* * * LOW HITPOINT WARNING * * *
Casting: Necrotize (safe; 3% risk of failure)
Confirm with . or Enter, or press ? or * to list all spells.
Aiming: Necrotize (safe; 3% risk of failure)
Press: ? - help, Shift-Dir - straight line, f - endoplasm
Aim: an endoplasm (ally target, chance to affect: 86%)
The endoplasm writhes in agony.
Your hobgoblin skeleton hits the endoplasm but does no damage.
The endoplasm freezes you.
You are frozen.
* * * LOW HITPOINT WARNING * * *
Unknown command.
Your hobgoblin skeleton crumbles into dust!
The endoplasm attacks as you move away! The endoplasm hits you.
You die...

#.Z.......
..........J...# ####
........).....##...##
..............#.....#
.......######........
.......######.#.....#
..............# ...##
..............#######
#..@J.Z..........
#............###.
#########...## ♣♣♣♣♣
#...# ♣. .P.♣
######...# ♣.♣♣♣.♣♣
#........# ♣.♣P...♣♣
#.########
♣.♣♣....♣♣♣#.#
♣.♣P.⌠....♣#.#


You could see an endoplasm (ally target) and a friendly goblin skeleton.

Vanquished Creatures
  A goblin (D:1)
  A hobgoblin (D:1)
2 creatures vanquished.

Notes
Turn   | Place    | Note
-------+----------+-------------------------------------------
     0 | D:1      | lunkers the Demonspawn Necromancer began the quest for the
                  | Orb.
     0 | D:1      | Reached XP level 1. HP: 13/13 MP: 3/3
    57 | D:1      | Slain by an endoplasm

Illustrated notes

Levels and vault maps discovered:
D:1:      psy_arrival_fountain, layout_basic, ebering_ecumenical_altar_hall,
          minmay_misc_feat_enclosed, minmay_tripent

Action                   || total
-------------------------++-------
Melee: Unarmed           ||     3
 Cast: Necrotize         ||     4
Dodge: Dodged            ||     1

Table legend: (Time is in decaauts)
 A = Elapsed time spent in this place.
 B = Non-inter-level travel time spent in this place.
 C = Inter-level travel time spent in this place.
 D = Time resting spent in this place.
 E = Time spent auto-exploring this place.
 F = Levels seen in this place.
 G = Mean time per level.
                   A        B        C        D        E       F      G
               +--------+--------+--------+--------+--------+-----+--------+
         Total |     57 |     57 |      0 |      0 |     36 |   1 |   57.0 |
       Dungeon |     57 |     57 |      0 |      0 |     36 |   1 |   57.0 |
               +--------+--------+--------+--------+--------+-----+--------+

Top non-repeatable levels by time:
     D:1: 57 daAuts
